 Dungeon Crawl Stone Soup version 0.21-a0-461-g2470eb2 (webtiles) character file.

88 Dysjunc the Charlatan (level 4, 23/34 HPs)
             Began as a Gnoll Artificer on Nov 20, 2017.
             Quit the game on level 4 of the Dungeon.
             The game lasted 00:05:11 (2050 turns).

Dysjunc the Charlatan (Gnoll Artificer)             Turns: 2050, Time: 00:05:11

Health: 23/34      AC:  8    Str: 15    XL:     4   Next: 53%
Magic:  8/8        EV: 12    Int: 14    God:
Gold:   175        SH:  0    Dex: 15    Spells: 5/5 levels left

rFire    x . .     SeeInvis .   x - +1 dagger (venom)
rCold    + . .     Gourm    .   (no shield)
rNeg     . . .     Faith    .   o - +0 ring mail
rPois    .         Spirit   .   u - +1 helmet
rElec    .         Reflect  .   (no cloak)
rCorr    .         Harm     .   k - +0 pair of gloves
MR       .....                  (no boots)
Stlth    +.........             n - amulet of inaccuracy (curse)
HPRegen  0.11/turn              y - ring of ice
MPRegen  0.11/turn              (no ring)

@: heavily drained
A: distributed training, fangs 1, strong nose
a: no special abilities


You were on level 4 of the Dungeon.
You were not hungry.

You visited 1 branch of the dungeon, and saw 4 of its levels.

You collected 175 gold pieces.

Inventory:

Hand Weapons
 a - a +0 short sword
 x - a +1 dagger of venom (weapon)
Armour
 b - a +0 leather armour
 k - a +0 pair of gloves (worn)
 o - a +0 ring mail (worn)
 u - a +1 helmet (worn)
Jewellery
 h - an uncursed amulet of harm
 n - a cursed amulet of inaccuracy (around neck)
 y - a ring of ice (left hand)
Wands
 c - a wand of flame (15)
 d - a wand of enslavement (15)
 e - a wand of random effects (15)
 p - a wand of lightning (5)
 t - a wand of polymorph (13)
Scrolls
 q - a scroll of identify
 r - 3 scrolls of remove curse {unknown}
Potions
 i - a potion of flight
 j - a potion of resistance
 l - a potion of lignification
 s - a potion of brilliance
Books
 g - a book of Cantrips

   Spells                             Type                      Level
   a - Confusing Touch                Hexes                        1
   b - Animate Skeleton               Necromancy                   1
   c - Summon Small Mammal            Summoning                    1
   d - Apportation                    Translocation                1
Comestibles
 f - 2 bread rations
 m - 2 chunks of flesh
 w - 3 royal jellies


   Skills:
 + Level 2.7(1.2) Fighting
 + Level 2.7(1.2) Short Blades
 + Level 1.1(0.0) Long Blades
 + Level 1.1(0.0) Axes
 + Level 1.1(0.0) Maces & Flails
 + Level 1.1(0.0) Polearms
 + Level 1.1(0.0) Staves
 + Level 1.1(0.0) Slings
 + Level 1.1(0.0) Bows
 + Level 1.1(0.0) Crossbows
 + Level 1.1(0.0) Throwing
 + Level 1.1(0.0) Armour
 + Level 4.6(3.0) Dodging
 + Level 2.5(1.0) Stealth
 + Level 1.1(0.0) Shields
 + Level 1.1(0.0) Unarmed Combat
 + Level 1.1(0.0) Spellcasting
 + Level 0.9(0.0) Conjurations
 + Level 0.9(0.0) Hexes
 + Level 0.9(0.0) Charms
 + Level 0.9(0.0) Summonings
 + Level 0.9(0.0) Necromancy
 + Level 0.9(0.0) Translocations
 + Level 0.9(0.0) Transmutations
 + Level 0.9(0.0) Fire Magic
 + Level 0.9(0.0) Ice Magic
 + Level 0.9(0.0) Air Magic
 + Level 0.9(0.0) Earth Magic
 + Level 0.9(0.0) Poison Magic
 + Level 1.2(0.0) Invocations
 + Level 6.6(4.9) Evocations


You had 5 spell levels left.
You didn't know any spells.

Dungeon Overview and Level Annotations

Branches:
Dungeon (4/15)             Temple (0/1) D:4

Altars:
Dithmenos
Nemelex Xobeh
Qazlal


Innate Abilities, Weirdness & Mutations

Your experience applies equally to all skills.
You have very sharp teeth.
Your uncanny sense of smell can sniff out nearby items.


Message History

You feel your power leaking away. The orc barely misses you.
You hit the orc.
The orc is moderately wounded.
You kill the orc! x2
The orc hits you but does no damage. The orc hits you but does no damage.
Things that are here:
an antimagic morningstar; a club You hit the orc but do no damage.
The orc is moderately wounded.
You hit the orc.
The orc is poisoned.
The orc is severely wounded.
The orc hits you.
You kill the orc!
There is a stone staircase leading down here.
You now have 175 gold pieces (gained 14).
Things that are here:
an antimagic morningstar; a club; an orc corpse Are you sure you want to abandon this character and quit the game? (Confirm with "yes".)

#ยง....#.# # #.
.#.....#.## ##.
#.)...._.....########..
#..)#.....#....>......#
#... .... #...........#
#..>###.###..#######.).
#............####....).
#...........#........).
##....)@....>..)........
#................##.....
#......#888#.########....
#.......8...8## ####.
.......#8.>.8# ##
<.$.....8...8#
#()..##.#8.8## ##..#
#.$..## (.. ######


There were no monsters in sight!

Vanquished Creatures
  An ooze (D:1)
  2 dart slugs (D:2)
  4 worms (D:2)
  A leopard gecko (D:2)
  10 orcs (D:4)
  6 bats
  5 giant cockroaches
  6 goblins
  2 hobgoblins
  2 jackals (D:2)
  4 quokkas
  A ball python (D:3)
  5 frilled lizards
  2 kobolds
  3 rats
54 creatures vanquished.

Notes
Turn   | Place    | Note
-------+----------+-------------------------------------------
     0 | D:1      | Dysjunc the Gnoll Artificer began the quest for the Orb.
     0 | D:1      | Reached XP level 1. HP: 17/17 MP: 4/4
   126 | D:1      | Reached XP level 2. HP: 22/23 MP: 6/6
   233 | D:1      | Found a sparkling altar of Nemelex Xobeh.
   603 | D:2      | Found a sparkling altar of Nemelex Xobeh.
   766 | D:2      | Reached XP level 3. HP: 28/28 MP: 7/7
  1132 | D:2      | Reached skill level 1 in Invocations
  1254 | D:2      | Reached skill level 1 in Long Blades
  1254 | D:2      | Reached skill level 1 in Axes
  1254 | D:2      | Reached skill level 1 in Maces & Flails
  1254 | D:2      | Reached skill level 1 in Polearms
  1254 | D:2      | Reached skill level 1 in Staves
  1254 | D:2      | Reached skill level 1 in Slings
  1254 | D:2      | Reached skill level 1 in Bows
  1254 | D:2      | Reached skill level 1 in Crossbows
  1254 | D:2      | Reached skill level 1 in Throwing
  1254 | D:2      | Reached skill level 1 in Armour
  1254 | D:2      | Reached skill level 1 in Shields
  1254 | D:2      | Reached skill level 1 in Unarmed Combat
  1254 | D:2      | Reached skill level 1 in Spellcasting
  1479 | D:3      | Reached XP level 4. HP: 32/34 MP: 8/8
  1832 | D:4      | Found a shadowy altar of Dithmenos.
  1998 | D:4      | Found a staircase to the Ecumenical Temple.
  2006 | D:4      | Found a stormy altar of Qazlal.
  2050 | D:4      | Quit the game

Vault maps used:
D:1:      dpeg_arrival_pits, nemelex_diamond_rough_becter
D:2:      nemelex_xobeh_ov_fountains_minmay, hangedman_decor_points, hex_tiny
D:3:      serial_glass, glass_columns_b, glass_columns_a
D:4:      grunt_dithmenos_smoke, grunt_qazlal_clouds,
          minmay_temple_entry_statues, first_bread, uniq_sigmund

Skill      XL: |  1  2  3 |
---------------+----------+-----
Invocations    | 1 |  1.2
Long Blades    | 1 |  1.1
Axes           | 1 |  1.1
Maces & Flails | 1 |  1.1
Polearms       | 1 |  1.1
Staves         | 1 |  1.1
Slings         | 1 |  1.1
Bows           | 1 |  1.1
Crossbows      | 1 |  1.1
Throwing       | 1 |  1.1
Armour         | 1 |  1.1
Shields        | 1 |  1.1
Unarmed Combat | 1 |  1.1
Spellcasting   | 1 |  1.1
Fighting       | |  2.7
Short Blades   | |  2.7
Dodging        | |  4.6
Stealth        | |  2.5
Conjurations   | |  0.9
Hexes          | |  0.9
Charms         | |  0.9
Summonings     | |  0.9
Necromancy     | |  0.9
Translocations | |  0.9
Transmutations | |  0.9
Fire Magic     | |  0.9
Ice Magic      | |  0.9
Air Magic      | |  0.9
Earth Magic    | |  0.9
Poison Magic   | |  0.9
Evocations     | |  6.6

Action                   |  1- 3 |  4- 6 || total
-------------------------+-------+-------++-------
Melee: Short sword       |   147 |       ||   147
       Bite              |    19 |     4 ||    23
       Dagger            |       |    48 ||    48
  Use: Scroll            |       |     5 ||     5
       Potion            |       |     5 ||     5
 Stab: Sleeping          |     6 |     1 ||     7
  Eat: Chunk             |     2 |     2 ||     4
Armor: Leather armour    |    41 |     2 ||    43
       Ring mail         |       |    20 ||    20
Dodge: Dodged            |   116 |    45 ||   161

Table legend:
 A = Spawn XP
 B = Non-spawn XP
 C = Spawn XP percentage of total XP
 D = Spawn monster count
 E = Non-spawn monster count
 F = Spawn count percentage of total count
 G = Total turns spent on level
                    A         B        C        D         E        F      G
               +---------+---------+-------+---------+---------+-------+---------
         Total |       0 |     126 |   0.0 |       0 |      54 |   0.0 |  2050
               +---------+---------+-------+---------+---------+-------+---------
           D:1 |       0 |      21 |   0.0 |       0 |      10 |   0.0 |   603
           D:2 |       0 |      58 |   0.0 |       0 |      24 |   0.0 |   806
           D:3 |       0 |      15 |   0.0 |       0 |       9 |   0.0 |   423
           D:4 |       0 |      32 |   0.0 |       0 |      11 |   0.0 |   218
               +---------+---------+-------+---------+---------+-------+---------
